 Dungeon Crawl Stone Soup version 0.32-a0-898-g7811c86cf0 (webtiles) character file.

Game seed: 14410943643706938487

2730 senseless the Insei (level 9, -1/62 HPs)
             Began as an Octopode Shapeshifter on Apr 4, 2024.
             Slain by a purple ugly thing (2 damage)
             ... on level 7 of the Dungeon.
             The game lasted 00:17:50 (6668 turns).

senseless the Insei (Octopode Shapeshifter)         Turns: 6668, Time: 00:17:51

Health: -1/62      AC:  5    Str: 19 (20) XL:     9   Next: 67%
Magic:  9/9        EV: 14    Int: 12      God:
Gold:   441        SH:  5    Dex: 13 (15) Spells: 8/8 levels left

rFire   . . .        a - +11 sling of Fivut {heavy, Will+ SInv}
rCold   . . .        (no shield)
rNeg    . . .        (helmet currently unavailable)
rPois   .            u - amulet of reflection
rElec   .            i - +6 ring of strength
rCorr   .            v - +4 ring of protection
SInv    +            (no ring)
Will    +....        (no ring)
Stlth   ++           (no ring)
HPRegen 0.30/turn    (no ring)
MPRegen 0.11/turn    (no ring)
                     (no ring)

%: reflection
@: beast-form
A: beast (slay +3), almost no armour, amphibious, 8 rings, camouflage 1,
gelatinous body 1, (nimble swimmer 1), tentacles
a: Begin Untransformation


You were on level 7 of the Dungeon.
You were a hulking beast.
You visited 2 branches of the dungeon, and saw 8 of its levels.
You also visited: Sewer and Ossuary.

You collected 441 gold pieces.

Inventory:

Hand Weapons
 a - the +11 sling of Fivut (weapon) {heavy, Will+ SInv}
   (You found it on level 3 of the Dungeon)

   Will+:     It increases your willpower.
   SInv:      It lets you see invisible.
 g - a +2 short sword of protection
 p - the +4 sling of the Cup {freeze, Fly SInv}
   (You found it on level 2 of the Dungeon)

   SInv:      It lets you see invisible.
   Fly:       It grants you flight.
Missiles
 o - 7 poisoned darts
Armour
 d - a +2 hat
Jewellery
 i - a +6 ring of strength (left tentacle)
 u - an amulet of reflection (around mantle)
 v - a +4 ring of protection (right tentacle)
Talismans
 b - a beast talisman (active)
 c - a flux talisman
 A - a blade talisman
Wands
 B - a wand of flame (26)
 C - a wand of iceblast (9)
Scrolls
 q - 2 scrolls of amnesia
 t - 2 scrolls of teleportation
 w - a scroll of identify
 x - a scroll of enchant armour
 y - a scroll of fear
 D - a scroll of poison
Potions
 e - 4 potions of haste
 f - a potion of might
 h - 6 potions of heal wounds
 j - 2 potions of cancellation
 k - 3 potions of curing
 l - 2 potions of lignification
 m - 3 potions of invisibility
 n - 4 potions of magic
 r - 4 potions of brilliance
 s - 2 potions of attraction
 z - 3 potions of enlightenment


   Skills:
 + Level 6.0 Fighting
 + Level 4.9 Ranged Weapons
 + Level 6.2 Dodging
 + Level 6.5 Unarmed Combat
 + Level 6.2 Shapeshifting


You had 8 spell levels left.
You didn't know any spells.
Your spell library contained the following spells:

 Spells                   Type           Power      Damage    Failure   Level
 Magic Dart               Conj           0%         1d3       32%         1
 Necrotise                Necr           0%         1d4       32%         1
 Searing Ray              Conj           0%         2d4       45%         2
 Call Canine Familiar     Summ           0%         N/A       69%         3
 Fugue of the Fallen      Necr           0%         N/A       69%         3
 Ozocubu's Armour         Ice            0%         N/A       69%         3
 Sigil of Binding         Hex            0%         N/A       69%         3
 Teleport Other           Tloc           0%         N/A       69%         3
 Vampiric Draining        Necr           0%         2d6       69%         3
 Dimensional Bullseye     Hex/Tloc       0%         N/A       97%         4
 Fulminant Prism          Conj/Alch      0%         3d5       97%         4
 Martyr's Knell           Necr/Summ      0%         N/A       97%         4
 Curse of Agony           Necr           0%         N/A       100%        5
 Dispersal                Tloc           0%         N/A       100%        6
 Gell's Gavotte           Tloc           0%         2d(11-16) 100%        6
 Manifold Assault         Tloc           0%         N/A       100%        7


Dungeon Overview and Level Annotations

Branches:
Dungeon (7/15)             Temple (1/1) D:6           Sewer (visited)
Ossuary (visited)

Altars:
Ashenzari
Cheibriados
Elyvilon
Fedhas
Kikubaaqudgha
Makhleb
Nemelex Xobeh
Qazlal
Ru
Sif Muna
Trog
Uskayaw
Vehumet
Xom
Yredelemnul

Shops:
D:4 *


Innate Abilities, Weirdness & Mutations

You are a hulking beast.
Your limbs bulge with bestial killing power. (Slay +3)
You cannot wear most types of armour.
You are amphibious.
You can wear up to eight rings at the same time.
Your skin changes colour to match your surroundings (Stealth+).
Your rubbery body absorbs attacks. (AC +1, EV +1)
((You are camouflaged when in or above water. (Stealth+)))
You have tentacles for arms and can constrict up to eight enemies at once.


Message History

The sling bullet hits the purple ugly thing!!
The purple ugly thing is moderately wounded.
You shoot a sling bullet.
The sling bullet closely misses the purple ugly thing.
The purple ugly thing closely misses you.
You block the purple ugly thing's attack.
You shoot a sling bullet.
The sling bullet hits the purple ugly thing!
The purple ugly thing is moderately wounded.
The purple ugly thing completely misses you.
You shoot a sling bullet.
The sling bullet hits the purple ugly thing.
The purple ugly thing is heavily wounded.
The purple ugly thing kicks you!
* * * LOW HITPOINT WARNING * * *
The purple ugly thing kicks you but does no damage.
You shoot a sling bullet.
The sling bullet hits the purple ugly thing!
The purple ugly thing is heavily wounded.
The purple ugly thing barely misses you.
The purple ugly thing kicks you but does no damage.
You shoot a sling bullet.
The sling bullet hits the purple ugly thing!!
The purple ugly thing is severely wounded.
The purple ugly thing misses you.
The purple ugly thing barely misses you.
You shoot a sling bullet.
The sling bullet closely misses the purple ugly thing.
The purple ugly thing closely misses you.
You shoot a sling bullet.
The sling bullet closely misses the purple ugly thing.
The purple ugly thing closely misses you.
The purple ugly thing kicks you!
* * * LOW HITPOINT WARNING * * *
You shoot a sling bullet.
The sling bullet closely misses the purple ugly thing.
The purple ugly thing kicks you!
* * * LOW HITPOINT WARNING * * *
The purple ugly thing kicks you.
You die...

#.##....##..##.....# #
#.###...##..##.).#.#####
#.# #..##....##)##......
#.# ##.##....##.##......
#.# #.#......#)##......
#.# #.#......#[........
##...#..#..........#
#.###.u###.###.###...###
#......h................
##########.####.##..####
#.# #.##..# #.####.##.†#
#..........####
####.........(.
#.#..##.###>
#.##.##.##.. ##
#.###....


You could see a purple ugly thing.

Vanquished Creatures
  Grinder (D:5)
  A steam dragon (D:7)
  An ice beast (D:6)
  6 black bears
  A centaur (D:6)
  A phantom (D:5)
  A bullfrog (D:6)
  2 scorpions
  Blork the orc (D:5)
  8 wights
  2 burial acolytes (Ossuary)
  A howler monkey (D:6)
  A bombardier beetle (D:7)
  2 jellies
  4 orc priests
  2 hounds
  Jessica (D:3)
  4 sleepcaps
  2 iguanas
  3 orc wizards
  4 gnolls (D:2)
  13 adders
  A shadow imp (D:6)
  2 white imps
  2 ufetubi (D:5)
  An adder skeleton (Ossuary)
  A ribbon worm (D:3)
  3 dart slugs
  26 orcs
  3 ball pythons
  6 endoplasms
  5 giant cockroaches
  8 goblins
  6 hobgoblins
  2 quokkas
  3 ball python skeletons (Ossuary)
  5 bats
  A frilled lizard (D:1)
  A hobgoblin skeleton (Ossuary)
  16 kobolds
  A kobold skeleton (Ossuary)
  2 orc skeletons (Ossuary)
  7 rats
164 creatures vanquished.

Notes
Turn   | Place    | Note
-------+----------+-------------------------------------------
     0 | D:1      | senseless the Octopode Shapeshifter began the quest for the
                  | Orb.
     0 | D:1      | Reached XP level 1. HP: 13/13 MP: 1/1
   173 | D:1      | Reached XP level 2. HP: 17/18 MP: 2/2
   364 | D:1      | Found a faded altar of an unknown god.
   876 | D:2      | Found a shimmering altar of Xom.
   889 | D:2      | Reached XP level 3. HP: 16/24 MP: 3/3
  1182 | D:2      | Identified the +4 sling of the Cup {freeze, Fly SInv}
  1411 | D:2      | Reached XP level 4. HP: 27/29 MP: 4/4
  1683 | D:3      | Reached XP level 5. HP: 35/35 MP: 5/5
  1818 | D:3      | Found a glowing drain.
  1868 | Sewer    | Entered a sewer
  2238 | D:3      | Reached XP level 6. HP: 41/41 MP: 6/6
  2267 | D:3      | Identified the +11 sling of Fivut {heavy, Will+ SInv}
  2344 | D:3      | Noticed Jessica
  2347 | D:3      | Killed Jessica
  2443 | D:3      | Identified the +4 robe of the Harp {Dex+4}
  2782 | D:4      | Found a bloodstained altar of Trog.
  2782 | D:4      | Noticed a black bear
  2782 | D:4      | Noticed a black bear
  2784 | D:4      | Killed a black bear
  2785 | D:4      | Reached skill level 1 in Ranged Weapons
  2786 | D:4      | Killed a black bear
  2787 | D:4      | Reached XP level 7. HP: 46/46 MP: 7/7
  3053 | D:4      | Found Nadwy's Needful Niceties.
  3525 | D:5      | Entered Level 5 of the Dungeon
  3600 | D:5      | Found an ancient bone altar of Kikubaaqudgha.
  3688 | D:5      | Noticed Blork the orc
  3694 | D:5      | Killed Blork the orc
  3786 | D:5      | Reached skill level 5 in Unarmed Combat
  3786 | D:5      | Reached XP level 8. HP: 12/54 MP: 8/8
  3996 | D:5      | Found a radiant altar of Vehumet.
  4025 | D:5      | Noticed Grinder
  4028 | D:5      | Paralysed by Grinder for 5 turns
  4033 | D:5      | Killed Grinder
  4034 | D:5      | Reached skill level 5 in Shapeshifting
  4194 | D:5      | Identified the +2 ring mail of Lorennoamm {rPois rF+ SInv}
  4526 | D:5      | Found a white marble altar of Elyvilon.
  4797 | D:6      | Reached skill level 5 in Dodging
  4841 | D:6      | Found a staircase to the Ecumenical Temple.
  4852 | D:6      | Reached skill level 5 in Fighting
  4972 | D:6      | Found a sand-covered staircase.
  4976 | Ossuary  | Entered an ossuary
  5032 | Ossuary  | Reached XP level 9. HP: 50/61 MP: 9/9
  5625 | D:6      | Found a blossoming altar of Fedhas.
  5634 | D:6      | Found a sacrificial altar of Ru.
  5736 | D:6      | Found a sparkling altar of Nemelex Xobeh.
  6159 | Temple   | Entered the Ecumenical Temple
  6526 | D:7      | Found a broken altar of Ashenzari.
  6599 | D:7      | Noticed a boulder beetle
  6604 | D:7      | Noticed a purple ugly thing
  6668 | D:7      | HP: 1/62 [purple ugly thing (11)]
  6668 | D:7      | Slain by a purple ugly thing

Illustrated notes

Levels and vault maps discovered:
D:1:      dpeg_arrival_pond, layout_basic,
          hellmonk_ecumenical_altar_pennies_from_heaven
D:2:      layout_basic, basic_altar, minmay_goblin_outpost
D:3:      layout_basic, gup_sewer_entry_glass, wad_floor_pattern_untrapped,
          grunt_ministairs_1, minivault_11, hangedman_decor_clover_reticule,
          uniq_jessica
D:4:      layout_loops_ring, trog_ov_bears_minmay, minmay_misc_feat_iff,
          nicolae_alphabet_shops
D:5:      layout_layer_cave, nicolae_elyvilon_temple_path,
          kiku_gazebo_garden_becter, vehumet_crystals, minmay_bent,
          uniq_blork_the_orc, uniq_grinder
D:6:      layout_loops_ring, nemelex_xobeh_ov_fountains_minmay,
          mainiacjoe_overflow_brackets, mainiacjoe_overflow_24_doors,
          minmay_temple_entry_junction_2, enter_ossuary_5
D:7:      minmay_blocky_corners, layout_loops_ring,
          ashenzari_conservatory_becter, overflow_temple_1_default,
          marbit_many_paths, minmay_misc_feat_x, uniq_crazy_yiuf_cottage
Temple:   hellmonk_temple_rainy

Skill      XL: |  1  2  3  4  5  6  7  8  9 |
---------------+----------------------------+-----
Fighting       | 2 3 4 5 6 |  6.0
Dodging        | 3 4 5 6 |  6.2
Unarmed Combat | 4 5 6 |  6.5
Shapeshifting  | 4 5 6 |  6.2
Ranged Weapons | 1 2 3 4 |  4.9

Action                     |  1- 3 |  4- 6 |  7- 9 || total
---------------------------+-------+-------+-------++-------
  Melee: Unarmed           |    47 |    19 |       ||    66
         Constrict         |     9 |     8 |       ||    17
         Tentacles         |    13 |     3 |       ||    16
         Punch             |     1 |       |       ||     1
   Fire: Sling             |    10 |    75 |   185 ||   270
    Use: Scroll            |       |     7 |    13 ||    20
         Potion            |       |       |     3 ||     3
   Stab: Sleeping          |     4 |       |       ||     4
 Armour: Skin              |    23 |    13 |    63 ||    99
  Dodge: Dodged            |    31 |    13 |    62 ||   106
  Block: Other             |       |       |    18 ||    18

Table legend: (Time is in decaauts)
 A = Elapsed time spent in this place.
 B = Non-inter-level travel time spent in this place.
 C = Inter-level travel time spent in this place.
 D = Time resting spent in this place.
 E = Time spent auto-exploring this place.
 F = Levels seen in this place.
 G = Mean time per level.
                   A        B        C        D        E       F      G
               +--------+--------+--------+--------+--------+-----+--------+
         Total |   6873 |   6540 |    333 |    449 |   4895 |  10 |  687.3 |
       Dungeon |   6265 |   5932 |    333 |    449 |   4453 |   7 |  895.0 |
        Temple |      1 |      1 |      0 |      0 |      0 |   1 |    1.0 |
         Sewer |    299 |    299 |      0 |      0 |    207 |   1 |  299.0 |
       Ossuary |    306 |    306 |      0 |      0 |    235 |   1 |  306.0 |
               +--------+--------+--------+--------+--------+-----+--------+

Top non-repeatable levels by time:
     D:5: 1257 daAuts
     D:6: 1158 daAuts
     D:3: 884 daAuts
     D:2: 852 daAuts
     D:4: 833 daAuts
     D:1: 764 daAuts
     D:7: 514 daAuts
 Ossuary: 306 daAuts
   Sewer: 299 daAuts
  Temple: 1 daAuts
